 Dungeon Crawl Stone Soup version 0.29-a0-668-g12ee2bf84d (webtiles) character file.

Game seed: 4352950872730071656

53 ptdevnull the Ruffian (level 3, -4/36 HPs)
             Began as a Troll Berserker on June 24, 2022.
             Was a Believer of Trog.
             Slain by a gnoll
             ... wielding a +4 halberd
              (10 damage)
             ... on level 2 of the Dungeon.
             The game lasted 00:02:15 (1352 turns).

ptdevnull the Ruffian (Troll Berserker)             Turns: 1352, Time: 00:02:16

Health: -4/36      AC:  4    Str: 27    XL:     3   Next: 64%
Magic:  2/2        EV: 10    Int:  3    God:    Trog [**....]
Gold:   62         SH:  0    Dex:  9    Spells: 2/2 levels left

rFire   . . .      SeeInvis .     - Unarmed
rCold   . . .      Faith    .   (no shield)
rNeg    . . .      Spirit   .   a - +0 animal skin
rPois   .          Reflect  .   (helmet restricted)
rElec   .          Harm     .   (no cloak)
rCorr   .          Rampage  .   (gloves unavailable)
Will    .....                   (boots unavailable)
Stlth   +.........              h - amulet of the acrobat
HPRegen 0.92/turn               (no ring)
MPRegen 0.08/turn               (no ring)

@: no status effects
A: large, unfitting armour, claws 3, regeneration 1, shaggy fur 1, tough skin 1
a: Renounce Religion, Berserk, Trog's Hand


You were on level 2 of the Dungeon.
You worshipped Trog.
Trog was pleased with you.
You visited 1 branch of the dungeon, and saw 2 of its levels.

You collected 62 gold pieces.

Inventory:

Armour
 a - a +0 animal skin (worn)
Jewellery
 h - an amulet of the acrobat (around neck)
Scrolls
 b - a scroll of teleportation {unknown}
 c - 2 scrolls of amnesia {unknown}
 d - 2 scrolls of identify {unknown}
 e - a scroll of fear {unknown}
 i - a scroll of fog {unknown}
Potions
 f - a potion of lignification {unknown}
 g - a potion of mutation {unknown}
 j - a potion of magic {unknown}


   Skills:
 - Level 2.4 Fighting
 - Level 2.4 Dodging
 + Level 4.7 Unarmed Combat


You had 2 spell levels left.
You didn't know any spells.
Your spell library was empty.

Dungeon Overview and Level Annotations

Branches:
Dungeon (2/15)

Altars:
Hepliaklqana


Innate Abilities, Weirdness & Mutations

You are too large for most types of armour.
You have claws for hands.
Your natural rate of healing is unusually fast.
You are covered in fur. (AC +1)
You have tough skin. (AC +1)


Message History

You are already empty-clawed.
Okay, then.
j - a sedimented pink potion A quokka comes into view.
A quokka is nearby!
You scratch the quokka.
You kill the quokka!
Trog accepts your kill.
No target in view!
You see here a quokka corpse.
You enter the shallow water.
Moving in this stuff is going to be slow.
A quokka comes into view.
The quokka barely misses you.
You closely miss the quokka.
The quokka bites you but does no damage.
You claw the quokka!
You kill the quokka!
Trog accepts your kill.
No target in view!
You now have 62 gold pieces (gained 3).
You open the door.
A gnoll comes into view. It is wielding a +4 halberd.
Found a halberd.
A gnoll is nearby!
A gnoll comes into view. It is wielding a +0 halberd.
The gnoll shouts! x2
The gnoll misses you. The gnoll barely misses you.
There is an open door here.
The gnoll misses you. The gnoll completely misses you.
You barely miss the gnoll. The gnoll hits you with a +4 halberd.
The gnoll closely misses you.
You barely miss the gnoll. The gnoll hits you with a +4 halberd!
The gnoll barely misses you.
You closely miss the gnoll. The gnoll barely misses you. x2
You closely miss the gnoll. The gnoll hits you with a +0 halberd!
The gnoll hits you with a +4 halberd!
* * * LOW HITPOINT WARNING * * *
You closely miss the gnoll. The gnoll hits you with a +4 halberd!
You die...

.♣..♣PP..♣....♣.§§§PP.##.#
♣P♣.♣..♣P♣..♣.♣§♣♣§♣..##.#
8.P.♣♣.P♣♣♣†♣.♣.♣§§...##.#
....♣.PPP..♣♣.♣..♣§...##.#
⌠.8...♣P.♣P...P♣.♣♣.#.##.#
.....P..♣..♣♣...♣.♣†.....#
8P.P♣♣..♣.♣.♣.###♣.P.♣...#
P.♣♣♣P.♣.....##g##♣......#
.♣ ♣.§..♣..#+.)@'#P.....#
♣ ♣.§♣♣♣P.♣##g##.♣...#.#
♣♣§♣ ♣.♣ ###PP..♣.#.# .§§
♣♣ ♣♣.P.♣.#.# ♣♣§
♣♣###.#.# #.#.# ..#.#
#.#.# #.#


You could see 2 gnolls.

Vanquished Creatures
  An adder (D:2)
  9 endoplasms
  A giant cockroach (D:1)
  3 goblins
  3 hobgoblins
  3 quokkas (D:2)
  4 ball pythons
  5 bats
  A frilled lizard (D:1)
  6 kobolds
  6 rats
42 creatures vanquished.

Notes
Turn   | Place    | Note
-------+----------+-------------------------------------------
     0 | D:1      | ptdevnull the Troll Berserker began the quest for the Orb.
     0 | D:1      | Reached XP level 1. HP: 22/22 MP: 0/0
   229 | D:1      | Reached XP level 2. HP: 26/29 MP: 1/1
   676 | D:1      | Reached skill level 4 in Unarmed Combat
   753 | D:1      | Reached ** piety under Trog
   962 | D:2      | Reached XP level 3. HP: 36/36 MP: 2/2
   993 | D:2      | Found a hazy altar of Hepliaklqana.
  1352 | D:2      | Slain by a gnoll

Illustrated notes

Levels and vault maps discovered:
D:1:      beargit_arrival_greenhouse, layout_basic, minmay_heptomino_h4
D:2:      wad_woods_tower, layout_basic, basic_altar

Skill      XL: |  1  2 |
---------------+-------+-----
Unarmed Combat | 4 |  4.7
Fighting       | |  2.4
Dodging        | |  2.4

Action                   || total
-------------------------++-------
Melee: Unarmed           ||    95
 Stab: Sleeping          ||     1
Armor: Animal skin       ||    42
Dodge: Dodged            ||    62

Table legend: (Time is in decaauts)
 A = Elapsed time spent in this place.
 B = Non-inter-level travel time spent in this place.
 C = Inter-level travel time spent in this place.
 D = Time resting spent in this place.
 E = Time spent auto-exploring this place.
 F = Levels seen in this place.
 G = Mean time per level.
                   A        B        C        D        E       F      G
               +--------+--------+--------+--------+--------+-----+--------+
         Total |   1345 |   1321 |     24 |      0 |   1047 |   2 |  672.5 |
       Dungeon |   1345 |   1321 |     24 |      0 |   1047 |   2 |  672.5 |
               +--------+--------+--------+--------+--------+-----+--------+

Top non-repeatable levels by time:
     D:1: 896 daAuts
     D:2: 449 daAuts
